 Dungeon Crawl Stone Soup version 0.21.0-3-g78d12a8 (webtiles) character file.

95526 ponchio the Fighter (level 16, -6/107 HPs)
             Began as a Gargoyle Fighter on Jan 16, 2018.
             Was the Champion of Okawaru.
             Mangled by a wolf spider (9 damage)
             ... on level 2 of the Spider Nest.
             The game lasted 02:41:55 (28610 turns).

ponchio the Fighter (Gargoyle Fighter)             Turns: 28610, Time: 02:41:55

Health: -6/107     AC: 25    Str: 21    XL:     16   Next: 14%
Magic:  23/23      EV: 13    Int: 13    God:    Okawaru [******]
Gold:   339        SH:  0    Dex: 26    Spells: 15/15 levels left

rFire    . . .     SeeInvis +   j - +3 whip (elec)
rCold    + . .     Gourm    .   h - +2 shield {rPois}
rNeg     + . .     Faith    +   g - +3 leather armour {rC+}
rPois    ∞         Spirit   .   S - +0 hat of the Swamp {MR+ Dex+3 SInv}
rElec    +         Reflect  .   t - scarf {cloud immunity}
rCorr    .         Harm     .   M - +3 pair of gauntlets of War {Slay+5}
MR       +++..                  q - +2 pair of boots
Stlth    +.........             b - amulet of faith
HPRegen  0.27/turn              a - ring of the Well-Known Stars {+Fly rPois MR+ Int+3 Dex+3}
MPRegen  0.18/turn              C - +6 ring of dexterity

@: confused, about to teleport, flying, held, hasted, very quick
A: big wings, negative energy resistance 1, electricity resistance, unbreathing,
petrification resistance, rot immunity, AC +12
a: Stop Flying, Heroism, Finesse, Renounce Religion


You were on level 2 of the Spider Nest.
You worshipped Okawaru.
Okawaru was exalted by your worship.
You were very hungry.

You visited 5 branches of the dungeon, and saw 21 of its levels.
You also visited: Labyrinth and Ossuary.

You collected 2219 gold pieces.
You spent 1880 gold pieces at shops.

Inventory:

Hand Weapons
 j - a +3 whip of electrocution (weapon)
 D - a +1 flail of protection
 I - the +9 lajatang of the Endless March {antimagic, MR+}
   (You took it off a minotaur in a labyrinth)

   It reduces the magical energy of the wielder, and disrupts the spells and
   magical abilities of those hit.
   Natural abilities and divine invocations are not affected.
   It affects your resistance to hostile enchantments.
Missiles
 U - 6 steel javelins (quivered)
Armour
 g - a +3 leather armour of cold resistance (worn)
 h - a +2 shield of poison resistance (worn)
 q - a +2 pair of boots (worn)
 t - a scarf of cloud immunity (worn)
 M - the +3 pair of gauntlets of War (worn) {Slay+5}
   (You bought it in a shop on level 2 of the Orcish Mines)

   It affects your accuracy and damage with ranged weapons and melee attacks
   (+5).
 S - the +0 hat of the Swamp (worn) {MR+ Dex+3 SInv}
   (Okawaru gifted it to you on level 6 of the Lair of Beasts)

   It affects your dexterity (+3).
   It affects your resistance to hostile enchantments.
   It lets you see invisible.
Jewellery
 a - the ring of the Well-Known Stars (left hand) {+Fly rPois MR+ Int+3 Dex+3}
   (You took it off a minotaur in a labyrinth)

   [ring of flight]

   It affects your intelligence (+3).
   It affects your dexterity (+3).
   It protects you from poison.
   It affects your resistance to hostile enchantments.
   It lets you fly.
 b - an amulet of faith (around neck)
 r - an uncursed ring of resist corrosion
 C - a +6 ring of dexterity (right hand)
 H - an uncursed ring of positive energy
 Q - an uncursed ring of ice
Wands
 s - a wand of clouds (6)
 y - a wand of disintegration (37)
 A - a wand of iceblast (27)
 F - a wand of scattershot (11)
Scrolls
 c - 2 scrolls of fear
 i - a scroll of fog
 l - 6 scrolls of teleportation
 m - 11 scrolls of remove curse
 u - 2 scrolls of magic mapping
 v - a scroll of silence
 B - a scroll of enchant armour
 O - 2 scrolls of blinking
Potions
 d - 5 potions of might
 e - 6 potions of curing
 k - 5 potions of lignification
 n - a potion of mutation {unknown}
 o - 2 potions of agility
 p - a potion of haste
 w - 3 potions of berserk rage
 x - 2 potions of flight
 E - 2 potions of ambrosia
 K - 2 potions of resistance
 L - a potion of magic {unknown}
 P - 3 potions of invisibility {unknown}
Comestibles
 f - 29 rations


   Skills:
 + Level 14.6 Fighting
 + Level 13.5 Maces & Flails
 - Level 3.2 Armour
 + Level 12.9 Dodging
 - Level 13.0 Shields
 + Level 9.7 Invocations


You had 15 spell levels left.
You didn't know any spells.

Dungeon Overview and Level Annotations

Branches:
Dungeon (10/15)            Temple (0/1) D:5            Lair (6/6) D:9
  Swamp (1/4) Lair:3       Spider (2/4) Lair:4        Slime (0/5) Lair:6
    Orc (2/2) D:10            Elf (0/3) Orc:2

Altars:
Cheibriados
Makhleb
Nemelex Xobeh
Okawaru
Ru
Xom
The Shining One
Beogh
Jiyva

Shops:
Orc:2 *(*[

Annotations:
D:5 2 transporters
Swamp:1 Frances


Innate Abilities, Weirdness & Mutations

You are resistant to torment.
Your stone body is resilient. (AC +12)
You are immune to poison.
Your large and strong wings let you fly indefinitely.
You resist negative energy. (rN+)
You are resistant to electric shocks. (rElec)
You can survive without breathing.
You are immune to petrification.
You are immune to rotting.


Message History

The redback bites you but does no damage.
The wolf spider hits you but does no damage.
The wolf spider barely misses you. The demonic crawler misses you.
The demonic crawler hits you but does no damage. x2
As you read the scroll of teleportation, it crumbles to dust.
You feel strangely unstable. The jumping spider misses you.
The jumping spider bites you but does no damage.
The redback bites you!
* * * LOW HITPOINT WARNING * * *
The wolf spider hits you.
* * * LOW HITPOINT WARNING * * *
The wolf spider bites you but does no damage.
The demonic crawler hits you but does no damage. x2
The demonic crawler hits you.
* * * LOW HITPOINT WARNING * * *
You are confused.
You feel invigorated. The jumping spider barely misses you.
The jumping spider bites you but does no damage.
The redback closely misses you. The wolf spider hits you!
You die...

......#.#
###(....######^. ..#
....#..##.#.#...# #..
#...##..#...##..# .%##
....##..#..#≈#..##...
..#.≈...#..#.#..#...
..#####......#....##
#....#.^^#..###.ss.#
#..^.≈####....#^@s#
######≈.^....^..#s....#
#.....##...###..#...###
##....#..###...####...
#..#######.^......#^....
##..####..^^#.#...# #.##
#...#.###..####.#^# ##
###...#....#..#≈≈##
#....##......###.


You could see a demonic crawler, a wolf spider, a jumping spider and a redback.

Vanquished Creatures
  2 orc warlords (Orc:2)
  2 entropy weavers (Lair:3)
  An ettin (D:10)
  A minotaur (Lab)
  Josephine (Lair:3)
  7 hydras
  3 catoblepae (Lair:6)
  14 death yaks
  A queen ant (Lair:4)
  3 alligators (Swamp:1)
  5 orc high priests (Orc:2)
  Urug (Lair:2)
  The ghost of vatarom the Cleaver, a novice HOFi of Beogh (D:6)
  Nergalle (Lair:4)
  An unseen horror (D:10)
  A swamp dragon (Swamp:1)
  2 shambling mangroves (Swamp:1)
  4 lindwurms (Lair:5)
  Pikel (D:6)
  2 orc knights
  4 orb spiders
  6 wolf spiders
  2 cyclopes (Orc:2)
  2 oklob plants
  4 orc sorcerers
  2 manticores (Lair:6)
  13 elephants
  8 black mambas
  6 spiny frogs
  A torpor snail (Spider:1)
  5 demonic crawlers
  4 komodo dragons
  3 rime drakes
  A troll (D:10)
  2 tyrant leeches
  14 jumping spiders
  A hornet (Swamp:1)
  4 bog bodies (Swamp:1)
  6 slime creatures (Swamp:1)
  4 blink frogs (Lair:3)
  9 dream sheep
  Grinder (D:5)
  4 hippogriffs
  3 wyverns
  2 spriggans
  24 redbacks
  46 yaks
  7 tarantellas (Spider:1)
  3 wraiths
  8 vampire mosquitoes
  2 wargs
  6 insubstantial wisps (Swamp:1)
  3 swamp worms (Swamp:1)
  14 water moccasins
  A swamp drake (Swamp:1)
  2 hell hounds (D:9)
  28 soldier ants
  7 porcupines
  38 orc warriors
  2 sky beasts (D:5)
  3 ice beasts
  A slave (D:6)
  A black bear (D:6)
  4 phantoms
  3 centaurs
  12 wolves
  9 ogres
  12 crocodiles
  Blork the orc (D:6)
  An elf skeleton (D:5)
  9 bullfrogs
  5 water moccasin zombies
  7 scorpions
  9 killer bees
  5 wights (D:10)
  4 howler monkeys (D:9)
  2 electric eels
  8 crimson imps
  A centaur zombie (D:6)
  2 quasits
  2 jellies
  A centaur skeleton (D:6)
  36 orc priests
  3 hounds
  A human zombie (D:5)
  16 orc wizards
  A bullfrog skeleton (D:7)
  12 hell rats (Lair:2)
  A human skeleton (D:5)
  20 worker ants
  3 big kobold zombies (Ossuary)
  2 hound zombies (D:7)
  A hound skeleton (D:7)
  2 howler monkey zombies
  2 mummies (Ossuary)
  11 gnolls
  A howler monkey skeleton (D:10)
  7 adders
  9 river rats (Lair:2)
  4 shadow imps
  4 adder zombies (Ossuary)
  3 worms
  4 dart slugs
  3 leopard geckos
  87 orcs
  8 bats
  4 giant cockroaches
  10 hobgoblins
  14 jackals
  10 quokkas
  A ball python (D:5)
  5 frilled lizards
  4 gnoll zombies (Ossuary)
  6 goblins
  5 hobgoblin zombies (Ossuary)
  A jackal zombie (D:4)
  7 kobolds
  4 kobold zombies (Ossuary)
  A leopard gecko skeleton (D:6)
  2 orc skeletons (D:5)
  2 orc zombies
  A quokka skeleton (D:6)
  A quokka zombie (D:8)
  27 rats
804 creatures vanquished.

Vanquished Creatures (others)
  2 orcs
  6 fungi
  2 plants
10 creatures vanquished.

Grand Total: 814 creatures vanquished

Notes
Turn   | Place    | Note
-------+----------+-------------------------------------------
     0 | D:1      | ponchio the Gargoyle Fighter began the quest for the Orb.
     0 | D:1      | Reached XP level 1. HP: 14/14 MP: 1/1
   326 | D:1      | Reached XP level 2. HP: 18/19 MP: 2/2
   909 | D:2      | Reached XP level 3. HP: 24/24 MP: 3/3
   961 | D:2      | Found a faded altar of an unknown god.
   996 | D:2      | Reached skill level 4 in Fighting
  1426 | D:2      | Reached XP level 4. HP: 30/30 MP: 4/4
  2038 | D:3      | Reached XP level 5. HP: 34/34 MP: 5/5
  2246 | D:3      | Reached skill level 5 in Fighting
  2609 | D:3      | Found a shimmering altar of Xom.
  2910 | D:3      | Found a shimmering altar of Xom.
  3575 | D:4      | Reached XP level 6. HP: 40/40 MP: 6/6
  3763 | D:5      | Entered Level 5 of the Dungeon
  3955 | D:5      | Noticed a phantom
  3981 | D:5      | Killed a phantom
  3981 | D:5      | Reached skill level 6 in Fighting
  3981 | D:5      | Reached skill level 5 in Maces & Flails
  4010 | D:5      | Found a sand-covered staircase.
  4026 | Ossuary  | Entered an ossuary
  4341 | Ossuary  | Reached XP level 7. HP: 47/47 MP: 7/7
  4483 | Ossuary  | Reached skill level 7 in Fighting
  4766 | D:5      | Reached XP level 8. HP: 34/53 MP: 8/8
  4878 | D:5      | Noticed Grinder
  4887 | D:5      | Killed Grinder
  4887 | D:5      | Reached skill level 8 in Fighting
  5049 | D:5      | Found an iron altar of Okawaru.
  5054 | D:5      | Became a worshipper of Warmaster Okawaru
  5215 | D:5      | Found a transporter.
  5226 | D:5      | Found a transporter.
  5236 | D:5      | Found a sacrificial altar of Ru.
  5300 | D:5      | Found a staircase to the Ecumenical Temple.
  5393 | D:6      | Noticed vatarom's ghost (novice HOFi)
  5414 | D:6      | Killed vatarom's ghost
  5414 | D:6      | Reached * piety under Okawaru
  5414 | D:6      | Reached skill level 9 in Fighting
  5414 | D:6      | Reached XP level 9. HP: 21/62 MP: 9/9
  5749 | D:6      | Noticed Blork the orc
  5775 | D:6      | Killed Blork the orc
  5852 | D:6      | Reached skill level 10 in Fighting
  6113 | D:6      | Reached ** piety under Okawaru
  6157 | D:6      | Found a burning altar of Makhleb.
  6157 | D:6      | Noticed a green death
  6161 | D:6      | Noticed an orange demon
  6161 | D:6      | Noticed a smoke demon
  6330 | D:6      | Noticed Pikel
  6348 | D:6      | Killed Pikel
  6364 | D:6      | Found a glowing golden altar of the Shining One.
  6505 | D:7      | Reached XP level 10. HP: 66/68 MP: 10/10
  6616 | D:7      | Reached *** piety under Okawaru
  6910 | D:7      | Found a snail-covered altar of Cheibriados.
  7278 | D:7      | Reached skill level 5 in Dodging
  7278 | D:7      | Reached skill level 1 in Invocations
  7329 | D:7      | Found a sparkling altar of Nemelex Xobeh.
  8168 | D:8      | Reached **** piety under Okawaru
  8649 | D:9      | Reached ***** piety under Okawaru
  8653 | D:9      | Reached skill level 5 in Invocations
  8841 | D:9      | Found a staircase to the Lair.
  8871 | D:9      | Reached XP level 11. HP: 49/73 MP: 15/15
  9084 | D:9      | Received a gift from Okawaru
  9088 | D:9      | Got a smoking morningstar {god gift}
  9089 | D:9      | Identified the +3 morningstar "Orb Guardian's Curse" {freeze, rN+ Str-5 Dex+5} (Okawaru gifted it to you on level 9 of the Dungeon)
  9437 | Lair:1   | Entered Level 1 of the Lair of Beasts
  9505 | Lair:1   | Noticed a seven-headed hydra
  9513 | Lair:1   | Killed a seven-headed hydra
  9822 | Lair:1   | Noticed an eight-headed hydra
  9851 | Lair:1   | Killed an eight-headed hydra
 10066 | Lair:1   | Received a gift from Okawaru
 10769 | Lair:2   | Reached ****** piety under Okawaru
 10941 | Lair:2   | Noticed Urug
 11290 | Lair:2   | Killed Urug
 11290 | Lair:2   | Received a gift from Okawaru
 11291 | Lair:2   | Found the +7 great mace "Firestarter" {inner flame, rF++}
 11695 | Lair:2   | Reached XP level 12. HP: 65/78 MP: 18/18
 12287 | Lair:3   | Noticed an eight-headed hydra
 12299 | Lair:3   | Killed an eight-headed hydra
 12299 | Lair:3   | Reached skill level 10 in Dodging
 12738 | Lair:3   | Found a staircase to the Swamp.
 12749 | Lair:3   | Received a gift from Okawaru
 13369 | Lair:4   | Reached skill level 5 in Shields
 13373 | Lair:4   | Noticed an entropy weaver
 13373 | Lair:4   | Noticed a queen ant
 13635 | Lair:4   | Reached skill level 11 in Fighting
 13655 | Lair:4   | Reached skill level 10 in Maces & Flails
 13662 | Lair:4   | Noticed an entropy weaver
 13802 | Lair:3   | Killed an entropy weaver
 14163 | Lair:3   | Killed an entropy weaver
 14163 | Lair:3   | Received a gift from Okawaru
 14706 | Lair:4   | Noticed Nergalle
 14885 | Lair:3   | Reached XP level 13. HP: 78/84 MP: 19/19
 14936 | Lair:4   | Killed Nergalle
 15261 | Lair:4   | Received a gift from Okawaru
 15374 | Lair:4   | Found a hole to the Spider Nest.
 15573 | Lair:4   | Reached skill level 12 in Fighting
 15578 | Lair:4   | Got a bloodstained chain mail
 15589 | Lair:4   | Identified the +14 chain mail of Time Monsters {Stlth+} (You found it on level 4 of the Lair of Beasts)
 15993 | Lair:5   | Received a gift from Okawaru
 16095 | Lair:5   | Received a gift from Okawaru
 16588 | Lair:5   | Reached skill level 10 in Shields
 16762 | Lair:5   | Got an encrusted chain mail
 16785 | Lair:5   | Identified the +1 chain mail of the Guardian {-Tele +Fly rPois Stlth+} (You found it on level 5 of the Lair of Beasts)
 16822 | Lair:6   | Entered Level 6 of the Lair of Beasts
 17054 | Lair:5   | Gained mutation: Your large and strong wings let you fly indefinitely. [Gargoyle growth]
 17054 | Lair:5   | Reached XP level 14. HP: 67/92 MP: 20/20
 17253 | Lair:5   | Received a gift from Okawaru
 17455 | Lair:5   | Got a faintly glowing ring mail
 17478 | Lair:5   | Identified the +2 ring mail "Quischas" {MR+ Str+2} (You found it on level 5 of the Lair of Beasts)
 17824 | Lair:6   | Received a gift from Okawaru
 17825 | Lair:6   | Got a blackened hat {god gift}
 17836 | Lair:6   | Identified the +0 hat of the Swamp {MR+ Dex+3 SInv} (Okawaru gifted it to you on level 6 of the Lair of Beasts)
 17912 | Lair:6   | Got a bloodstained quarterstaff
 18662 | Lair:6   | Reached skill level 13 in Fighting
 19468 | Lair:6   | Received a gift from Okawaru
 19469 | Lair:6   | Got ancient ice dragon scales {god gift}
 19595 | Lair:6   | Identified the +2 ice dragon scales of the Carpenter {rF- rC++ rN+ Str+6 Dex+3 Stlth-} (Okawaru gifted it to you on level 6 of the Lair of Beasts)
 19944 | Lair:6   | Found a viscous altar of Jiyva.
 19945 | Lair:6   | Found a staircase to the Slime Pits.
 20447 | D:10     | Entered Level 10 of the Dungeon
 20827 | D:10     | Found a staircase to the Orcish Mines.
 21142 | Orc:1    | Entered Level 1 of the Orcish Mines
 21557 | Orc:1    | Found a roughly hewn altar of Beogh.
 22086 | Orc:1    | Reached XP level 15. HP: 99/99 MP: 21/21
 22374 | Orc:2    | Entered Level 2 of the Orcish Mines
 22386 | Orc:2    | Noticed an orc warlord
 22531 | Orc:2    | Noticed an orc warlord
 22553 | Orc:2    | Killed an orc warlord
 22553 | Orc:2    | Received a gift from Okawaru
 22644 | Orc:2    | Killed an orc warlord
 22850 | Orc:2    | Found a labyrinth entrance.
 22861 | Lab      | Entered a labyrinth
 23138 | Lab      | Got a brightly glowing wooden ring
 23139 | Lab      | Got a crude lajatang {antimagic}
 23139 | Lab      | Got a scorched chain mail
 23149 | Lab      | Identified the ring of the Well-Known Stars {+Fly rPois MR+ Int+3 Dex+3} (You took it off a minotaur in a labyrinth)
 23224 | Lab      | Identified the cursed +0 chain mail of the Arcane {rN+ MR+} (You took it off a minotaur in a labyrinth)
 24047 | Orc:2    | Reached skill level 14 in Fighting
 24093 | Orc:2    | Found Byutuzat's Assorted Antiques.
 24093 | Orc:2    | Found Vaseasemp's Weapon Shop.
 24111 | Orc:2    | Found Hadwocuh's Antique Armour Boutique.
 24113 | Orc:2    | Found Isihufoo's Assorted Antiques.
 24311 | Orc:2    | Received a gift from Okawaru
 24312 | Orc:2    | Got a faintly glowing plate armour {god gift}
 24758 | Orc:1    | Identified the +1 plate armour of Minor Irritation {rN+ Int-2 SInv} (Okawaru gifted it to you on level 2 of the Orcish Mines)
 24969 | Orc:2    | Bought a pair of pitted boots for 313 gold pieces
 24969 | Orc:2    | Bought the +3 pair of gauntlets of War {Slay+5} for 1567 gold pieces
 24969 | Orc:2    | Found the +3 pair of gauntlets of War {Slay+5}
 24989 | Orc:2    | Identified the cursed +0 pair of boots of Daisies {+Fly rElec rF- Int+4} (You bought it in a shop on level 2 of the Orcish Mines)
 25044 | Orc:2    | Found a staircase to the Elven Halls.
 25456 | Orc:2    | Identified the +9 lajatang of the Endless March {antimagic, MR+} (You took it off a minotaur in a labyrinth)
 25772 | Swamp:1  | Entered Level 1 of the Swamp
 25881 | Swamp:1  | Noticed Josephine
 25907 | Lair:3   | Killed Josephine
 26869 | Swamp:1  | Noticed Frances
 27026 | Spider:1 | Entered Level 1 of the Spider Nest
 27050 | Spider:1 | Received a gift from Okawaru
 27864 | Spider:1 | Received a gift from Okawaru
 27962 | Spider:1 | Reached XP level 16. HP: 107/107 MP: 23/23
 28609 | Spider:2 | HP: 4/107 [wolf spider (3)]
 28609 | Spider:2 | HP: 1/107 [demonic crawler (3)]
 28610 | Spider:2 | Mangled by a wolf spider

Skill      XL: |  1  2  3  4  5  6  7  8  9 10 11 12 13 14 15 |
---------------+----------------------------------------------+-----
Fighting       | 4 5 6 7 9 10 11 12 13 14 | 14.6
Maces & Flails | 3 4 5 6 8 9 10 11 12 13 | 13.5
Dodging        | 4 7 9 10 11 12 | 12.9
Invocations    | 6 8 9 |  9.7
Shields        | 4 7 10 12 13 | 13.0
Armour         | |  3.2

Action                   |  1- 3 |  4- 6 |  7- 9 | 10-12 | 13-15 | 16-18 || total
-------------------------+-------+-------+-------+-------+-------+-------++-------
Melee: Flail             |   124 |       |       |       |       |       ||   124
       Whip              |       |   216 |   304 |   959 |  2238 |   154 ||  3871
       Great mace        |       |       |       |    85 |       |       ||    85
       Morningstar       |       |       |       |    18 |       |       ||    18
       Lajatang          |       |       |       |       |     5 |       ||     5
Invok: Finesse           |       |       |       |     2 |     4 |       ||     6
       Heroism           |       |       |       |     2 |     5 |       ||     7
 Abil: Fly               |       |       |       |       |     1 |       ||     1
  Use: Scroll            |     5 |     2 |     5 |    14 |    10 |     1 ||    37
       Potion            |       |       |       |    10 |       |     6 ||    16
 Stab: Sleeping          |       |     1 |       |     1 |     5 |     1 ||     8
       Distracted        |       |       |       |       |     2 |       ||     2
  Eat: Chunk             |     2 |     7 |     6 |    27 |    33 |     1 ||    76
       Ration            |       |     1 |       |       |     3 |       ||     4
Armor: Leather armour    |    67 |    77 |    96 |   326 |   276 |    48 ||   890
       Scale mail        |     2 |       |       |       |       |       ||     2
       Chain mail        |       |       |       |       |    30 |       ||    30
Dodge: Dodged            |    50 |    42 |    39 |   521 |   892 |   128 ||  1672
Block: Shield            |    82 |    92 |    68 |   381 |  1259 |   119 ||  2001
